 Dungeon Crawl Stone Soup version 0.22-a0-240-g539252a (webtiles) character file.

218220 wolfsongas the Warrior (level 19, -12/134 HPs)
             Began as a Gargoyle Gladiator on Feb 22, 2018.
             Was the Champion of the Shining One.
             Shot with an arrow by a satyr (14 damage)
             ... on level 3 of the Shoals.
             The game lasted 01:51:23 (42099 turns).

wolfsongas the Warrior (Gargoyle Gladiator)        Turns: 42099, Time: 01:51:24

Health: -12/134    AC: 53    Str: 23    XL:     19   Next: 11%
Magic:  27/27      EV:  9    Int: 11    God:    the Shining One [******]
Gold:   2378       SH:  9    Dex: 12    Spells: 21/28 levels left

rFire    + + .     SeeInvis +   w - +9 lajatang (elec)
rCold    + + .     Gourm    .   (shield currently unavailable)
rNeg     + + +     Faith    .   d - +7 gold dragon scales
rPois    ∞         Spirit   .   e - +2 helmet
rElec    +         Reflect  +   b - scarf {rC+ rF+}
rCorr    .         Harm     .   k - +2 pair of gloves
MR       +++..                  A - +2 pair of boots {run}
Stlth    ..........             K - +3 amulet of reflection
HPRegen  0.32/turn              z - ring of protection from magic
MPRegen  0.20/turn              M - ring of protection from magic

@: divine shield, flying, glowing, quick
A: big wings, see invisible, negative energy resistance 1, electricity
resistance, unbreathing, petrification resistance, rot immunity, MP-powered
wands, AC +14
}: 1/15 runes: gossamer
a: Stop Flying, Divine Shield, Cleansing Flame, Summon Divine Warrior, Brand
Weapon With Holy Wrath, Renounce Religion


You were on level 3 of the Shoals.
You worshipped the Shining One.
The Shining One was exalted by your worship.
You were not hungry.

You visited 6 branches of the dungeon, and saw 32 of its levels.
You visited 1 bazaar.
You also visited: Labyrinth, Ice Cave and Volcano.

You collected 3867 gold pieces.
You spent 1489 gold pieces at shops.

Inventory:

Hand Weapons
 a - the +1 great mace "Sode" {protect, +Rage Str+8 Int-5 Stlth-}
   (You acquired it on level 2 of the Spider Nest)

   It protects the one who uses it against injury (+AC on strike).
   It affects your strength (+8).
   It affects your intelligence (-5).
   It lets you go berserk.
   It makes you less stealthy.
 w - a +9 lajatang of electrocution (weapon)
Missiles
 g - 3 throwing nets (quivered)
Armour
 b - a scarf of resistance (worn)
 d - +7 gold dragon scales (worn)
 e - a +2 helmet (worn)
 k - a +2 pair of gloves (worn)
 u - the +1 cloak of Xoshytam {Str+7}
   (You found it on level 4 of the Spider Nest)

   It affects your strength (+7).
 A - a +2 pair of boots of running (worn)
Magical Staves
 l - an uncursed staff of earth
Jewellery
 j - the amulet of Ciwouroo {Gourm rPois Str+4}
   (You found it on level 14 of the Dungeon)

   [amulet of the gourmand]

   It allows you to eat raw meat even when not hungry.
   It affects your strength (+4).
   It protects you from poison.
 z - a ring of protection from magic (left hand)
 D - an uncursed ring of wizardry
 K - a +3 amulet of reflection (around neck)
 M - a ring of protection from magic (right hand)
Wands
 n - a wand of digging (7)
 t - a wand of flame (92)
 G - a wand of disintegration (25)
Scrolls
 q - 5 scrolls of teleportation
 y - 2 scrolls of enchant weapon
 C - a scroll of blinking
 F - 13 scrolls of remove curse
 L - 2 scrolls of magic mapping
 N - 14 scrolls of identify
Potions
 c - 4 potions of mutation
 h - a potion of ambrosia
 p - a potion of haste
 r - a potion of might
 s - 2 potions of agility
 v - 5 potions of brilliance
 B - 3 potions of cancellation
Comestibles
 f - 38 rations
 m - 12 chunks of flesh


   Skills:
 * Level 19.7 Fighting
 - Level 10.7(14.8) Maces & Flails
 + Level 16.6(17.6) Staves
 - Level 2.0 Throwing
 + Level 16.7 Armour
 + Level 9.3 Dodging
 - Level 5.4 Spellcasting
 - Level 3.1 Earth Magic


You had 21 spell levels left.
You knew the following spells:

 Your Spells              Type           Power        Failure   Level  Hunger
a - Passwall              Tmut/Erth      #.........   99%         2    ##.....
b - Lee's Rapid Deconstr  Erth           ##........   100%        5    ######.


Dungeon Overview and Level Annotations

Branches:
Dungeon (15/15)            Temple (1/1) D:7            Lair (6/6) D:8
 Shoals (4/4) Lair:3       Spider (4/4) Lair:4        Slime (0/5) Lair:5
    Orc (2/2) D:9             Elf (0/3) Orc:2        Vaults (0/5) D:14
 Depths (0/5) D:15

Altars:
Ashenzari
Cheibriados
Dithmenos
Elyvilon
Fedhas
Gozag
Hepliaklqana
Kikubaaqudgha
Makhleb
Nemelex Xobeh
Okawaru
Qazlal
Ru
Sif Muna
Trog
Uskayaw
Vehumet
Wu Jian
Xom
Yredelemnul
Zin
The Shining One
Beogh

Shops:
D:4 [   D:5 %   D:9 *   D:11 *   D:14 :   D:15 (   Orc:1 %   Orc:2 ?[?=(

Portals:
Trove: D:13 (give 6 potions of agility)

Annotations:
Spider:3 exclusion: Roxanne, Roxanne


Innate Abilities, Weirdness & Mutations

You are resistant to torment.
Your stone body is resilient. (AC +14)
You are immune to poison.
Your large and strong wings let you fly indefinitely.
You resist negative energy. (rN+)
You are resistant to electric shocks. (rElec)
You can survive without breathing.
You are immune to petrification.
You are immune to rotting.
You have supernaturally acute eyesight. (SInv)
You expend magic power (3 MP) to strengthen your wands.


Message History

You reflect the tomahawk off an invisible shield around you!
The tomahawk misses the merfolk.
You see here a tomahawk.
The satyr shoots an arrow.
The arrow closely misses you.
There is a stone staircase leading up here.
The merfolk throws a tomahawk.
The tomahawk hits you but does no damage.
The merfolk throws a tomahawk.
The tomahawk hits you but does no damage.
The satyr shoots an arrow.
The arrow hits you.
* * * LOW HITPOINT WARNING * * *
You fly upwards.
There is a stone staircase leading down here.
A satyr is nearby!
You slice the satyr!!
The satyr is moderately wounded.
You slice the satyr!!
The satyr is severely wounded.
The satyr shoots an arrow.
The arrow hits you!
You die...

≈≈≈≈≈...###.⌠.###.≈≈≈≈≈≈≈≈≈≈≈≈≈≈≈
≈≈≈≈≈≈..........≈.≈≈≈≈≈≈≈≈≈≈≈≈≈≈≈
≈≈≈≈≈≈≈(#########≈≈≈≈≈≈≈≈≈≈≈≈≈≈≈≈
≈≈≈≈≈≈≈≈≈.......≈≈≈≈≈≈≈≈≈≈≈≈≈≈≈≈≈
≈≈≈≈≈≈≈≈≈.......≈≈≈≈≈≈≈≈≈≈≈≈≈≈≈≈≈
≈≈≈≈≈≈≈≈≈≈.......≈≈≈≈≈≈≈≈≈≈≈≈≈≈≈≈
≈≈≈≈≈≈≈≈≈≈≈......≈≈≈(≈≈≈≈≈≈≈≈≈≈≈≈
)..≈≈≈≈≈≈≈≈......≈≈≈≈≈≈≈.≈≈≈)≈≈≈≈
....≈≈≈≈≈≈≈(###.@.≈≈≈≈≈≈≈≈≈P≈###.
#...≈≈≈≈≈≈≈.###c..≈≈≈≈≈≈≈P≈≈≈###.
###..≈≈≈≈≈≈..#.....≈≈≈≈P≈≈P(<...≈
##..≈≈≈≈≈≈.###.≈≈≈≈≈≈≈≈≈≈≈≈≈((≈≈
##..≈≈≈≈≈≈...##.$≈≈≈≈≈≈≈≈≈≈≈<≈P≈≈
##..≈≈≈≈≈≈≈≈....≈≈≈≈..P≈≈PP≈≈≈(.#
....≈≈≈≈≈≈≈≈...≈≈.......≈≈≈≈≈≈).#
≈≈≈≈≈≈≈≈≈≈≈≈≈≈≈≈≈..#...≈≈≈P≈≈≈≈..
≈≈≈≈≈≈≈≈≈≈≈≈≈≈≈≈≈≈...≈≈≈≈≈≈≈≈≈≈P≈


You could see a satyr.

Vanquished Creatures
  Arachne (Spider:2)
  An Ice Fiend (IceCv)
  Polyphemus (Shoals:3)
  A kraken (Shoals:2)
  Gastronok (Lair:2)
  Frances (D:13)
  Kirke (Spider:1)
  Donald (Spider:1)
  Agnes (Spider:2)
  3 ghost moths
  An orc warlord (Orc:1)
  6 emperor scorpions
  The ghost of Anachronus the Carver, a journeyman MiFi of Gozag (Spider:2)
  A stone giant (Shoals:3)
  6 entropy weavers
  Nessos (D:13)
  A minotaur (Lab)
  2 merfolk javelineers (Shoals:1)
  A merfolk impaler (Shoals:3)
  A fire dragon (D:15)
  Josephine (Lair:4)
  An ice dragon (D:15)
  9 hydras
  A merfolk avatar (Shoals:3)
  The ghost of Heh the Nimble, a journeyman OpWz of Vehumet (D:11)
  2 centaur warriors
  3 catoblepae
  10 two-headed ogres
  3 merfolk aquamancers
  2 dancing weapons (D:14)
  An alligator snapping turtle (Shoals:4)
  A deep troll shaman (Lair:6)
  6 death yaks
  A queen ant (Lair:3)
  A satyr (Shoals:2)
  6 orc high priests
  Sonja (Lair:3)
  11 sea snakes
  2 skeletal warriors (Volcano)
  An unseen horror (D:14)
  18 harpies
  A lindwurm (Lair:6)
  An anaconda skeleton (Volcano)
  3 deep elf magi
  16 ugly things
  25 orb spiders
  4 oklob plants (Lair:3)
  6 manticores
  A shining eye (shapeshifter) (D:15)
  11 cyclopes
  A moth of wrath (Spider:1)
  26 wolf spiders
  13 fauns
  4 centaur zombies
  8 elephants
  6 black mambas
  A water nymph (Shoals:1)
  3 ice statues (IceCv)
  8 merfolk sirens
  2 molten gargoyles (Lair:5)
  2 torpor snails (Spider:3)
  3 centaur skeletons
  4 gargoyles
  12 spiny frogs
  8 ice devils (IceCv)
  4 komodo dragons
  5 kobold demonologists
  2 anaconda simulacra (IceCv)
  A golden dragon simulacrum (IceCv)
  An efreet (D:12)
  12 demonic crawlers
  2 guardian mummies (D:13)
  7 trolls
  37 jumping spiders
  3 wind drakes
  27 merfolk
  2 hornets
  A polar bear (Lair:3)
  9 blink frogs
  Grinder (D:3)
  A meliai zombie (D:13)
  6 slime creatures
  6 snapping turtles
  19 dream sheep
  10 hippogriffs
  A harpy skeleton (Volcano)
  3 flying skulls (Volcano)
  A yak (shapeshifter) (D:13)
  5 wraiths
  91 redbacks
  A shadow (D:13)
  26 tarantellas
  A dire elephant simulacrum (IceCv)
  9 basilisks
  10 water elementals
  5 wyverns
  16 yaks
  3 hogs (Spider:1)
  3 hungry ghosts
  4 vampire mosquitoes (D:15)
  A steam dragon (D:11)
  4 harpy simulacra (IceCv)
  3 wargs (Orc:2)
  An acid dragon (D:15)
  An iron troll simulacrum (IceCv)
  10 soldier ants
  14 water moccasins
  A hydra simulacrum (IceCv)
  Duvessa (D:6)
  13 porcupines
  4 ice beasts
  4 black bears
  3 phantoms
  An eye of draining (D:10)
  3 sky beasts
  2 hornet zombies
  29 orc warriors
  A necrophage (D:9)
  26 centaurs
  11 ogres
  13 wolves
  18 crocodiles
  16 big kobolds
  12 bullfrogs
  2 wyvern zombies
  A water moccasin zombie (D:9)
  Dowan (D:6)
  4 scorpions
  26 killer bees
  2 troll skeletons (Volcano)
  4 wights
  A spriggan skeleton (Volcano)
  5 howler monkeys
  2 electric eels
  7 crimson imps
  2 bullfrog zombies
  4 jellies
  5 lava snakes (Lair:5)
  A gnoll shaman (D:7)
  2 bullfrog skeletons
  11 hounds
  39 orc priests
  Crazy Yiuf (D:3)
  Ijyb (D:3)
  3 iguanas
  27 orc wizards
  5 hell rats (Lair:6)
  25 worker ants
  3 worker ant zombies
  Robin (D:4)
  12 gnolls
  11 adders
  7 shadow imps
  3 oozes
  An adder skeleton (D:6)
  2 worms
  2 dart slugs
  6 leopard geckos
  138 orcs
  2 ball pythons
  7 bats
  7 giant cockroaches
  13 hobgoblins
  8 jackals
  5 quokkas
  6 frilled lizards
  15 goblins
  19 kobolds
  8 rats
  A fungus (Lair:3)
  A plant (D:5)
  4 tentacles (Shoals:2)
1274 creatures vanquished.

Vanquished Creatures (others)
  A jumping spider (Spider:2)
  An orc wizard (D:13)
  18 fungi
  11 plants
  14 tentacles (Shoals:2)
45 creatures vanquished.

Grand Total: 1319 creatures vanquished

Notes
Turn   | Place    | Note
-------+----------+-------------------------------------------
     0 | D:1      | wolfsongas the Gargoyle Gladiator began the quest for the Orb.
     0 | D:1      | Reached XP level 1. HP: 12/12 MP: 1/1
   153 | D:1      | Reached XP level 2. HP: 18/18 MP: 2/2
   875 | D:2      | Reached XP level 3. HP: 21/22 MP: 3/3
  1094 | D:2      | Reached skill level 3 in Fighting
  1094 | D:2      | Reached skill level 1 in Armour
  1094 | D:2      | Reached XP level 4. HP: 27/28 MP: 4/4
  1834 | D:3      | Reached XP level 5. HP: 25/32 MP: 5/5
  2012 | D:3      | Noticed Grinder
  2020 | D:3      | Killed Grinder
  2020 | D:3      | Reached skill level 4 in Fighting
  2020 | D:3      | Reached skill level 5 in Staves
  2020 | D:3      | Reached XP level 6. HP: 11/38 MP: 6/6
  2400 | D:3      | Noticed Ijyb
  2416 | D:3      | Killed Ijyb
  2695 | D:3      | Found a runed door.
  2699 | D:3      | Noticed Crazy Yiuf
  2708 | D:3      | Killed Crazy Yiuf
  2708 | D:3      | Reached XP level 7. HP: 44/44 MP: 7/7
  2983 | D:4      | Found an iron altar of Okawaru.
  2983 | D:4      | Found a deep blue altar of Sif Muna.
  3221 | D:4      | Found Qaoschesh's Antique Armour Emporium.
  3260 | D:4      | Noticed Robin
  3266 | D:4      | Killed Robin
  3706 | D:5      | Entered Level 5 of the Dungeon
  3742 | D:5      | Reached skill level 5 in Fighting
  3792 | D:5      | Found Reuwuto's Food Boutique.
  3824 | D:5      | Reached XP level 8. HP: 49/49 MP: 8/8
  3890 | D:5      | Found a transporter.
  3936 | D:5      | Found a transporter.
  4164 | D:5      | Found a deep blue altar of Sif Muna.
  4190 | D:5      | Found a snail-covered altar of Cheibriados.
  4715 | D:4      | Bought a twisted chain mail for 190 gold pieces
  4725 | D:4      | Identified the +1 chain mail of the Ant {rF+ MR++} (You bought it in a shop on level 4 of the Dungeon)
  5088 | D:6      | Noticed Duvessa
  5096 | D:6      | Noticed Dowan
  5097 | D:6      | Killed Duvessa
  5097 | D:6      | Reached skill level 6 in Fighting
  5097 | D:6      | Reached skill level 5 in Armour
  5104 | D:6      | Killed Dowan
  5368 | D:6      | Found a hazy altar of Hepliaklqana.
  5635 | D:7      | Found a staircase to the Ecumenical Temple.
  5656 | Temple   | Entered the Ecumenical Temple
  5761 | Temple   | Became a worshipper of the Shining One
  6214 | D:7      | Reached XP level 9. HP: 43/56 MP: 9/9
  6489 | D:7      | Reached skill level 7 in Fighting
  6967 | D:8      | Noticed a two-headed ogre
  6967 | D:8      | Reached * piety under the Shining One
  6974 | D:8      | Killed a two-headed ogre
  6974 | D:8      | Reached skill level 10 in Staves
  6980 | D:8      | Reached XP level 10. HP: 53/64 MP: 10/10
  7147 | D:8      | Reached skill level 8 in Fighting
  7454 | D:8      | Noticed a two-headed ogre
  7464 | D:8      | Killed a two-headed ogre
  7662 | D:8      | Found a staircase to the Lair.
  7774 | D:8      | Noticed a two-headed ogre
  7786 | D:8      | Killed a two-headed ogre
  7803 | D:8      | Reached skill level 9 in Fighting
  7837 | D:8      | Noticed a kobold demonologist
  7849 | D:8      | Noticed a sixfirhy
  7863 | D:8      | Noticed a rust devil
  7876 | D:8      | Killed a kobold demonologist
  7876 | D:8      | Reached ** piety under the Shining One
  7883 | D:8      | Reached XP level 11. HP: 61/71 MP: 11/11
  7999 | D:9      | Noticed a two-headed ogre
  8011 | D:9      | Killed a two-headed ogre
  8539 | D:9      | Found Zin's Purification Station.
  8542 | D:9      | Found a glowing silver altar of Zin.
  8673 | D:9      | Found a staircase to the Orcish Mines.
  9104 | D:9      | Noticed a two-headed ogre
  9113 | D:9      | Killed a two-headed ogre
  9113 | D:9      | Reached skill level 10 in Fighting
  9268 | D:10     | Entered Level 10 of the Dungeon
  9345 | D:10     | Gained mutation: You expend magic power (3 MP) to strengthen your wands. [potion of mutation]
  9345 | D:10     | Gained mutation: You have supernaturally acute eyesight. (SInv) [potion of mutation]
  9345 | D:10     | Gained mutation: Your large and strong wings let you fly indefinitely. [potion of mutation]
  9444 | D:10     | Reached *** piety under the Shining One
  9563 | D:10     | Reached skill level 10 in Armour
  9894 | D:10     | Noticed a two-headed ogre
  9903 | D:10     | Killed a two-headed ogre
  9903 | D:10     | Reached XP level 12. HP: 70/79 MP: 12/12
 10085 | D:10     | Found a shimmering altar of Xom.
 10231 | D:11     | Found a labyrinth entrance.
 10248 | Lab      | Entered a labyrinth
 10764 | Lab      | Noticed a minotaur
 10783 | Lab      | Killed a minotaur
 10785 | Lab      | Got a glittering brass ring
 10949 | Lab      | Got a crude bone ring
 10950 | Lab      | Identified the ring "Saol" {-Tele *Slow rN+++ MP+9 Stlth-} (You took it off a minotaur in a labyrinth)
 10964 | Lab      | Identified the ring of Pyrutz {*Corrode rN+ MR+ Dex+4} (You found it in a labyrinth)
 10978 | Lab      | Identified the Grimoire of Helpful Earth
 11067 | D:11     | Found Oschec's Assorted Antiques.
 11123 | D:11     | Reached skill level 11 in Fighting
 11124 | D:11     | Noticed a five-headed hydra
 11173 | D:11     | Killed a five-headed hydra
 11468 | D:11     | Reached **** piety under the Shining One
 12161 | D:11     | Noticed a two-headed ogre
 12169 | D:11     | Killed a two-headed ogre
 12234 | D:11     | Noticed a two-headed ogre
 12239 | D:11     | Killed a two-headed ogre
 12326 | D:11     | Noticed Heh's ghost (journeyman OpWz)
 12357 | D:11     | Killed Heh's ghost
 12522 | D:12     | Found an ornate altar of the Wu Jian Council.
 12697 | Lair:1   | Entered Level 1 of the Lair of Beasts
 12799 | Lair:1   | Reached skill level 1 in Spellcasting
 13080 | Lair:1   | Noticed a five-headed hydra
 13088 | Lair:1   | Killed a five-headed hydra
 13296 | Lair:1   | Reached XP level 13. HP: 85/85 MP: 15/15
 13328 | Lair:1   | Reached skill level 12 in Fighting
 13641 | Lair:2   | Got a twisted rapier
 13642 | Lair:2   | Identified the +4 rapier "Baxzimipt" {freeze, rElec rC+ Dex-4} (You found it on level 2 of the Lair of Beasts)
 13783 | Lair:2   | Noticed Gastronok
 13799 | Lair:2   | Killed Gastronok
 14414 | Lair:3   | Noticed Sonja
 14444 | Lair:3   | Killed Sonja
 14549 | Lair:3   | Found a dark tunnel.
 14559 | Volcano  | Entered a volcano
 14897 | Volcano  | Reached skill level 1 in Maces & Flails
 15201 | Lair:3   | Reached skill level 13 in Fighting
 15231 | Lair:3   | Reached ***** piety under the Shining One
 17715 | Lair:3   | Found a staircase to the Shoals.
 17736 | Lair:3   | Reached skill level 5 in Dodging
 18200 | Lair:4   | Mutation became permanent: Your large and strong wings let you fly indefinitely. [Gargoyle growth]
 18200 | Lair:4   | Gained mutation: Your large and strong wings let you fly indefinitely. [Gargoyle growth]
 18200 | Lair:4   | Reached XP level 14. HP: 94/94 MP: 20/20
 18332 | Lair:4   | Found a hole to the Spider Nest.
 18430 | Lair:4   | Got an ominously black robe
 18441 | Lair:4   | Identified the +2 robe "Jasche" {Str+7 Int-4} (You found it on level 4 of the Lair of Beasts)
 18836 | Lair:4   | Noticed Josephine
 18853 | Lair:4   | Killed Josephine
 19204 | Lair:5   | Reached skill level 14 in Fighting
 19261 | Lair:5   | Reached skill level 5 in Spellcasting
 19593 | Lair:5   | Found a staircase to the Slime Pits.
 19893 | Lair:6   | Entered Level 6 of the Lair of Beasts
 20499 | Lair:6   | Reached skill level 5 in Maces & Flails
 20679 | Lair:6   | Reached skill level 15 in Fighting
 20699 | Lair:6   | Reached XP level 15. HP: 103/103 MP: 22/22
 22304 | D:13     | Noticed Nessos
 22339 | D:13     | Killed Nessos
 22575 | D:13     | Noticed Frances
 22590 | D:13     | Killed Frances
 22691 | D:13     | Found a portal to a secret trove of treasure.
 23073 | D:14     | Found an iron altar of Okawaru.
 23165 | D:14     | Reached skill level 15 in Staves
 23190 | D:14     | Found a gate to the Vaults.
 23395 | D:14     | Got a shimmering zirconium amulet
 23404 | D:14     | Found Xehed's Book Shoppe.
 23413 | D:14     | Identified the amulet of Ciwouroo {Gourm rPois Str+4} (You found it on level 14 of the Dungeon)
 23459 | D:14     | You are sucked into a shaft!
 23459 | D:15     | Entered Level 15 of the Dungeon
 23692 | D:15     | Found Nanamap's Weapon Emporium.
 23799 | D:15     | Reached ****** piety under the Shining One
 24215 | D:15     | Found a staircase to the Depths.
 24313 | D:15     | Reached skill level 16 in Fighting
 24738 | Orc:1    | Entered Level 1 of the Orcish Mines
 25111 | Orc:2    | Entered Level 2 of the Orcish Mines
 25411 | Orc:2    | Noticed an orc warlord
 25693 | Orc:1    | Killed an orc warlord
 25693 | Orc:1    | Reached XP level 16. HP: 79/110 MP: 23/23
 25871 | Orc:2    | Found Zeoqoc's Jewellery Shoppe.
 25871 | Orc:2    | Found Razoaw's Weapon Boutique.
 25906 | Orc:2    | Found a roughly hewn altar of Beogh.
 25941 | Orc:2    | Found Omumeg's Antique Armour Shoppe.
 25951 | Orc:2    | Found Iruaxtud's Magic Scroll Boutique.
 26327 | Orc:2    | Bought a pair of runed boots for 120 gold pieces
 26337 | Orc:2    | Identified a +2 pair of boots of running (You bought it in a shop on level 2 of the Orcish Mines)
 26356 | Orc:2    | Found Ukick's Magic Scroll Shop.
 26606 | Orc:2    | Found a roughly hewn altar of Beogh.
 26705 | Orc:2    | Found a staircase to the Elven Halls.
 27153 | Orc:1    | Found Loll's Food Emporium.
 27427 | D:14     | Bought a book of Geomancy for 455 gold pieces
 27430 | D:14     | Learned a level 2 spell: Passwall
 27436 | D:14     | Learned a level 5 spell: Lee's Rapid Deconstruction
 27517 | D:14     | Reached skill level 1 in Earth Magic
 28127 | Spider:1 | Entered Level 1 of the Spider Nest
 28214 | Spider:1 | Identified a scroll of acquirement
 28571 | Spider:1 | Noticed Kirke
 28599 | Spider:1 | Killed Kirke
 28613 | Spider:1 | Noticed Donald
 28643 | Spider:1 | Killed Donald
 29181 | Spider:1 | Got an encrusted quarterstaff
 29182 | Spider:1 | Identified the +7 quarterstaff of Crusades {crush, *Drain MR+ Dex+4} (You acquired it on level 1 of the Spider Nest)
 29691 | Spider:2 | Noticed Arachne
 30420 | Spider:2 | Noticed Anachronus's ghost (journeyman MiFi)
 30438 | Spider:2 | Killed Anachronus's ghost
 31246 | Spider:1 | Reached skill level 17 in Fighting
 31404 | Spider:2 | Killed Arachne
 31434 | Spider:2 | Got a shimmering great mace
 31446 | Spider:2 | Identified the +1 great mace "Sode" {protect, +Rage Str+8 Int-5 Stlth-} (You acquired it on level 2 of the Spider Nest)
 31489 | Spider:2 | Reached XP level 17. HP: 100/117 MP: 23/25
 31505 | Spider:2 | Reached skill level 10 in Maces & Flails
 32111 | Spider:3 | Noticed Agnes
 32255 | Spider:2 | Killed Agnes
 32265 | Spider:2 | Reached skill level 15 in Armour
 32944 | Spider:3 | Noticed Roxanne
 33254 | Orc:2    | Bought a scroll of enchant weapon for 112 gold pieces
 33254 | Orc:2    | Bought a scroll of enchant weapon for 112 gold pieces
 33307 | Orc:2    | Bought an uncursed ring of protection from magic for 350 gold pieces
 34002 | Spider:4 | Entered Level 4 of the Spider Nest
 35122 | Spider:4 | Got a heavily runed cloak
 35227 | Spider:4 | Identified the +1 cloak of Xoshytam {Str+7} (You found it on level 4 of the Spider Nest)
 35264 | Spider:4 | Reached skill level 18 in Fighting
 36298 | Spider:4 | Got a gossamer rune of Zot
 36363 | Spider:4 | Reached XP level 18. HP: 124/126 MP: 26/26
 36529 | Shoals:1 | Entered Level 1 of the Shoals
 38556 | Shoals:2 | Identified the Reference Book on the Frostbite and the Entourage
 39140 | Shoals:2 | Reached skill level 19 in Fighting
 39445 | Shoals:3 | Noticed Polyphemus
 39726 | Shoals:3 | Killed Polyphemus
 41200 | Shoals:3 | Found a gateway to a bazaar.
 41207 | Bazaar   | Entered a bazaar
 41217 | Bazaar   | Found Xuyn's Jewellery Shop.
 41217 | Bazaar   | Found Gapsaofe's Antique Weapon Boutique.
 41276 | Bazaar   | Found Oluafesh's Magic Scroll Shop.
 41276 | Bazaar   | Found Vaaquzof's Jewellery Boutique.
 41284 | Bazaar   | Bought a scroll of enchant armour for 75 gold pieces
 41284 | Bazaar   | Bought a scroll of enchant armour for 75 gold pieces
 41535 | Shoals:4 | Entered Level 4 of the Shoals
 41535 | Shoals:4 | Found a frozen archway.
 41542 | IceCv    | Entered an ice cave
 41666 | IceCv    | Noticed an Ice Fiend
 41673 | IceCv    | Killed an Ice Fiend
 41743 | IceCv    | Reached XP level 19. HP: 133/133 MP: 27/27
 42083 | Shoals:4 | HP: 6/134 [merfolk javelineer/silver javelin (18)]
 42094 | Shoals:4 | HP: 6/134 [merfolk/tomahawk (2)]
 42096 | Shoals:4 | HP: 1/134 [satyr/arrow (6)]
 42099 | Shoals:3 | Shot with an arrow by a satyr

Vault maps used:
D:1:      dpeg_arrival_tiny_i, wad_floor_pattern_untrapped
D:3:      first_ration, st_stairs_11, serial_park_tiny_2,
          uniq_crazy_yiuf_cottage, uniq_ijyb, uniq_grinder
D:4:      amethyst_overflow_temple_binary, serial_shops, shop, uniq_robin
D:5:      gammafunk_wand_slinger, serial_shops, shop, basic_altar, nrook_uturn,
          lemuel_altar_in_water2
D:6:      lemuel_crystal_altar, uniq_duvessa
D:7:      minmay_temple_entry_butterflies
D:8:      lair_entry_dummy, special_room
D:9:      zin_purify, david_orc_2, grunt_ogre_cave, wad_dig_loot
D:10:     tgw_xom
D:11:     kennysheep_blocky_room, lab_entry_generic, serial_shops, shop
D:12:     basic_altar, lemuel_another_geyser
D:13:     nicolae_trove_entry_path_of_doom, uniq_nessos, uniq_frances
D:14:     erik_vaults_1, serial_shops, shop, okawaru_ov_weapons_minmay
D:15:     grunt_enter_depths_hoard, serial_shops, shop
Temple:   dpeg_five_rooms_temple
Lair:1:   eino_small_chamber_without_monster, grunt_megastairs_3
Lair:2:   uniq_gastronok
Lair:3:   minmay_shoals_entry_hut, enter_volcano_1, minmay_another_anthill,
          lemuel_fruit_tree, minmay_lair_oklob_chamber, lemuel_fruit_fields,
          uniq_sonja
Lair:4:   spider_nest_entry_webs, minmay_hedge_maze, uniq_josephine
Lair:5:   cheibrodos_magma_flow, minmay_slime_entry_pillars,
          eino_small_chamber_without_monster, kennysheep_basilisk_garden
Lair:6:   grunt_lair_end_beastmaster, grunt_megastairs_1,
          infiniplex_staircase_pool
Shoals:3: serial_shops, bzr_entry_road, st_cyclops, uniq_polyphemus
Shoals:4: shoals_end_grunt_ice, shoal_ilsuiw, portal_ice_cave_entry_pillars_1
Spider:1: uniq_kirke, uniq_donald
Spider:2: uniq_arachne
Spider:3: uniq_roxanne, uniq_agnes
Spider:4: grunt_spider_rune_circles
Orc:1:    minmay_goldmine, serial_shops, shop
Orc:2:    st_orc_town, serial_shops, shop_scrolls, bh_open_orc_temple
Lab:      nicolae_lab_dead_adventurers, nicolae_lab_starburst,
          labyrinth_skeletal_remains, lab_fountain, nicolae_lab_big_swirl
Bazaar:   bazaar_jpeg_ribbon
IceCv:    ice_cave_tombish
Volcano:  volcano_tomb

Skill      XL: |  1  2  3  4  5  6  7  8  9 10 11 12 13 14 15 16 17 18 |
---------------+-------------------------------------------------------+-----
Throwing       | 2 |  2.0
Fighting       | 3 4 5 6 7 9 10 11 13 15 16 17 18 19 | 19.7
Armour         | 1 2 3 4 5 7 8 10 11 12 13 14 15 16 | 16.7
Staves         | 4 5 6 8 10 11 13 14 15 16 | 16.6
Spellcasting   | 1 4 5 |  5.4
Dodging        | 3 5 6 7 8 9 |  9.3
Maces & Flails | 2 5 7 9 10 | 10.7
Earth Magic    | 3 |  3.1

Action                   |  1- 3 |  4- 6 |  7- 9 | 10-12 | 13-15 | 16-18 | 19-21 || total
-------------------------+-------+-------+-------+-------+-------+-------+-------++-------
Melee: Quarterstaff      |    62 |   156 |   320 |   842 |  1727 |   314 |       ||  3421
       Staff             |       |       |       |   168 |       |       |       ||   168
       Dire flail        |       |       |       |       |    83 |   388 |       ||   471
       Lajatang          |       |       |       |       |       |   867 |    84 ||   951
 Fire: Arbalest          |       |       |     3 |       |       |       |       ||     3
Invok: Divine Shield     |       |       |       |     2 |     5 |     9 |     2 ||    18
       Summon Divine War |       |       |       |       |     1 |       |       ||     1
 Abil: Fly               |       |       |       |       |     3 |     1 |       ||     4
       Stop Flying       |       |       |       |       |     2 |     1 |       ||     3
Evoke: Wand              |       |       |     4 |       |    19 |     6 |       ||    29
  Use: Scroll            |     3 |    14 |     4 |    14 |    11 |    28 |     2 ||    76
       Potion            |       |     2 |       |     9 |    13 |    16 |     1 ||    41
 Stab: Paralysed         |       |       |     3 |       |       |       |       ||     3
  Eat: Chunk             |     1 |     1 |     6 |    10 |    30 |    42 |       ||    90
       Ration            |       |     1 |     3 |     5 |     7 |     1 |       ||    17
Armor: Leather armour    |    10 |       |       |       |       |       |       ||    10
       Ring mail         |    19 |    65 |    73 |       |       |       |       ||   157
       Chain mail        |       |       |   101 |   234 |       |       |       ||   335
       Plate armour      |       |       |       |   361 |   242 |       |       ||   603
       Gold dragon scale |       |       |       |       |   931 |  1926 |   197 ||  3054
Dodge: Dodged            |    43 |   139 |   163 |   467 |   718 |   872 |    85 ||  2487
Block: Other             |       |       |       |    10 |    19 |   113 |    39 ||   181
       Reflection        |       |       |       |       |       |     3 |     4 ||     7

Table legend:
 A = Spawn XP
 B = Non-spawn XP
 C = Spawn XP percentage of total XP
 D = Spawn monster count
 E = Non-spawn monster count
 F = Spawn count percentage of total count
 G = Total turns spent on level
                    A         B        C        D         E        F      G
               +---------+---------+-------+---------+---------+-------+---------
         Total |       0 |  325550 |   0.0 |       0 |    1268 |   0.0 | 42099
               +---------+---------+-------+---------+---------+-------+---------
           D:1 |       0 |      31 |   0.0 |       0 |      16 |   0.0 |   866
           D:2 |       0 |     124 |   0.0 |       0 |      20 |   0.0 |  1042
           D:3 |       0 |     473 |   0.0 |       0 |      38 |   0.0 |  1111
           D:4 |       0 |     320 |   0.0 |       0 |      28 |   0.0 |  1106
           D:5 |       0 |     677 |   0.0 |       0 |      16 |   0.0 |   748
           D:6 |       0 |     427 |   0.0 |       0 |      10 |   0.0 |  1030
           D:7 |       0 |    1153 |   0.0 |       0 |      25 |   0.0 |   798
           D:8 |       0 |    6474 |   0.0 |       0 |      52 |   0.0 |  1484
           D:9 |       0 |    3822 |   0.0 |       0 |      63 |   0.0 |  1545
          D:10 |       0 |    4914 |   0.0 |       0 |      48 |   0.0 |   909
          D:11 |       0 |    6712 |   0.0 |       0 |      30 |   0.0 |  1733
          D:12 |       0 |    5306 |   0.0 |       0 |      54 |   0.0 |   862
          D:13 |       0 |   10709 |   0.0 |       0 |      31 |   0.0 |   915
          D:14 |       0 |   11151 |   0.0 |       0 |      25 |   0.0 |   907
          D:15 |       0 |   13063 |   0.0 |       0 |      51 |   0.0 |  1176
        Lair:1 |       0 |    4703 |   0.0 |       0 |      23 |   0.0 |  1142
        Lair:2 |       0 |    4266 |   0.0 |       0 |       8 |   0.0 |   940
        Lair:3 |       0 |   13621 |   0.0 |       0 |      57 |   0.0 |  3533
        Lair:4 |       0 |    5731 |   0.0 |       0 |      19 |   0.0 |  1035
        Lair:5 |       0 |    7752 |   0.0 |       0 |      35 |   0.0 |  1090
        Lair:6 |       0 |   19531 |   0.0 |       0 |      62 |   0.0 |  1175
      Shoals:1 |       0 |   15973 |   0.0 |       0 |      38 |   0.0 |  1304
      Shoals:2 |       0 |   21981 |   0.0 |       0 |      41 |   0.0 |  2237
      Shoals:3 |       0 |   25334 |   0.0 |       0 |      43 |   0.0 |  1053
      Shoals:4 |       0 |    7200 |   0.0 |       0 |      17 |   0.0 |   216
      Spider:1 |       0 |   25810 |   0.0 |       0 |      57 |   0.0 |  2468
      Spider:2 |       0 |   24391 |   0.0 |       0 |      56 |   0.0 |  1683
      Spider:3 |       0 |   27556 |   0.0 |       0 |      74 |   0.0 |  2007
      Spider:4 |       0 |   28028 |   0.0 |       0 |      56 |   0.0 |  1337
         Orc:1 |       0 |    5391 |   0.0 |       0 |      44 |   0.0 |  1456
         Orc:2 |       0 |    6910 |   0.0 |       0 |      88 |   0.0 |  1224
           Lab |       0 |    2575 |   0.0 |       0 |       8 |   0.0 |   781
         IceCv |       0 |    9313 |   0.0 |       0 |      22 |   0.0 |   346
       Volcano |       0 |    4128 |   0.0 |       0 |      13 |   0.0 |   483
               +---------+---------+-------+---------+---------+-------+---------
